 Dungeon Crawl Stone Soup version 0.31-a0-263-ge8cad7f256 (webtiles) character file.

Game seed: 1196597080733927130

262 Dittersdorf the Trooper (level 6, -1/39 HPs)
             Began as a Gargoyle Fighter on July 13, 2023.
             Slain by a bullfrog (3 damage)
             ... on level 6 of the Dungeon.
             The game lasted 00:05:56 (2780 turns).

Dittersdorf the Trooper (Gargoyle Fighter)          Turns: 2780, Time: 00:05:57

Health: -1/39      AC: 18    Str: 27    XL:     6   Next: 18%
Magic:  6/6        EV:  7    Int:  9    God:
Gold:   124        SH:  4    Dex:  9    Spells: 5/5 levels left

rFire   . . .        a - +0 flail
rCold   . . .        c - +0 buckler
rNeg    + . .        h - +0 plate armour
rPois   ∞            b - +0 helmet
rElec   +            i - +0 cloak
rCorr   .            (no gloves)
SInv    +            (no boots)
Will    .....        p - amulet of the acrobat Stlth
                     m - ring of see invisible
HPRegen 0.26/turn    l - +6 ring of strength
MPRegen 0.10/turn

%: acrobat
@: no status effects
A: sickness immunity, AC +4, negative energy resistance 1, electricity
resistance, torment resistance 1, petrification resistance
a: no special abilities


You were on level 6 of the Dungeon.
You visited 1 branch of the dungeon, and saw 4 of its levels.

You collected 124 gold pieces.

Inventory:

Hand Weapons
 a - a +0 flail (weapon)
Armour
 b - a +0 helmet (worn)
 c - a +0 buckler (worn)
 h - a +0 plate armour (worn)
 i - a +0 cloak (worn)
Jewellery
 l - a +6 ring of strength (right hand)
 m - a ring of see invisible (left hand)
 p - an amulet of the acrobat (around neck)
Potions
 d - a potion of might
 e - a potion of ambrosia {unknown}
 f - a potion of attraction {unknown}
 k - a potion of brilliance


   Skills:
 + Level 4.6 Fighting
 + Level 3.5 Maces & Flails
 + Level 4.6 Armour
 + Level 4.6 Shields


You had 5 spell levels left.
You didn't know any spells.
Your spell library contained the following spells:

 Spells                   Type           Power      Damage    Failure   Level
 Magic Dart               Conj           0%         1d3       99%         1
 Call Imp                 Summ           0%         N/A       100%        2
 Lesser Beckoning         Tloc           0%         N/A       100%        2
 Gell's Gravitas          Tloc           0%         N/A       100%        3
 Mephitic Cloud           Conj/Pois/Air  0%         N/A       100%        3
 Teleport Other           Tloc           0%         N/A       100%        3
 Anguish                  Hex/Necr       0%         N/A       100%        4
 Cause Fear               Hex            0%         N/A       100%        4
 Enfeeble                 Hex            0%         N/A       100%        7


Dungeon Overview and Level Annotations

Branches:
Dungeon (3/15)

Altars:

Shops:
D:1 [   D:3 *

Annotations:
D:3 1 runed translucent door, Crazy Yiuf


Innate Abilities, Weirdness & Mutations

You are immune to sickness and miasma.
Your stone body is resilient. (AC +4)
You are immune to poison.
You resist negative energy. (rN+)
You are resistant to electric shocks. (rElec)
You are resistant to unholy torment.
You are immune to petrification.


Message History

Found 14 gold pieces.
A boulder beetle comes into view.
Found a stone staircase leading down.
The boulder beetle misses you.
Found a leather armour.
The boulder beetle barely misses you.
You hear the slow rusting of a drain nearby.
The boulder beetle leaps!
The boulder beetle attacks as you move away!
The boulder beetle completely misses you.
The boulder beetle curls into a ball and begins rolling!
There is a stone staircase leading down here.
A bullfrog comes into view.
The boulder beetle hits you but does no damage.
The boulder beetle stops rolling and uncurls.
The boulder beetle attacks as you move away!
The boulder beetle misses you.
Found 13 gold pieces, a runed hand axe and a scroll labelled ASETICK PASY.
The bullfrog croaks.
The bullfrog barely misses you.
The boulder beetle curls into a ball and begins rolling!
You barely miss the bullfrog.
The bullfrog hits you but does no damage. x2
You miss the bullfrog. The boulder beetle hits you!!
Ouch! That really hurt!
The boulder beetle stops rolling and uncurls.
The bullfrog barely misses you.
The boulder beetle bites you but does no damage.
You closely miss the bullfrog. The bullfrog barely misses you. x2
The boulder beetle bites you!
* * * LOW HITPOINT WARNING * * *
You barely miss the bullfrog.
The bullfrog hits you but does no damage. x2
The boulder beetle barely misses you.
You closely miss the bullfrog. You block the bullfrog's attack.
The boulder beetle barely misses you. The bullfrog closely misses you.
You closely miss the bullfrog. The bullfrog closely misses you.
The boulder beetle bites you but does no damage.
You block the bullfrog's attack.
The boulder beetle completely misses you.
You closely miss the bullfrog. The bullfrog hits you.
You die...

*,**,*****,**, *,**,* *,**,
*,#*,* *,**, *.#*,* *,**,
*#.##,*****,**,
*#...#?*,,,,,**,
###......*,******,
#.F$..)..*,* *,
#@#,,,,,,*,* *, *****
#B#*,,,*,*,******, ,,,,*
#>#****,,,,,,,,,,,
,,,.####* #.# *,,,,,,,,,,,
**,..<..###
#.#####[#*,*******
***,,.....######.......#*,*
* *,,,,.$.........######*,*
***,***,#.#######.######*,*
,,,,* *,#..~.............,*


You could see a boulder beetle and a bullfrog.

Vanquished Creatures
  A sky beast (D:6)
  2 orc priests
  6 adders
  A dart slug (D:3)
  6 orcs (D:3)
  4 endoplasms
  A giant cockroach (D:1)
  4 goblins
  A hobgoblin (D:3)
  A quokka (D:2)
  3 ball pythons
  4 bats
  6 frilled lizards (D:1)
  12 kobolds
  3 rats
55 creatures vanquished.

Notes
Turn   | Place    | Note
-------+----------+-------------------------------------------
     0 | D:1      | Dittersdorf the Gargoyle Fighter began the quest for the
                  | Orb.
     0 | D:1      | Reached XP level 1. HP: 14/14 MP: 1/1
   469 | D:1      | Reached XP level 2. HP: 19/19 MP: 2/2
   837 | D:1      | Found Xyuhed's Armour Shoppe.
  1176 | D:2      | Reached XP level 3. HP: 23/23 MP: 3/3
  1645 | D:3      | Found a runed translucent door.
  1646 | D:3      | Noticed Crazy Yiuf
  1736 | D:3      | Found a faded altar of an unknown god.
  1757 | D:3      | Reached XP level 4. HP: 10/29 MP: 4/4
  1861 | D:3      | Found Wadiaxexky's Assorted Antiques.
  2370 | D:3      | Reached XP level 5. HP: 13/33 MP: 5/5
  2721 | D:3      | You fall into a shaft and drop 3 floors!
  2730 | D:6      | Noticed a sky beast
  2758 | D:6      | Killed a sky beast
  2759 | D:6      | Reached XP level 6. HP: 33/39 MP: 6/6
  2763 | D:6      | Noticed a boulder beetle
  2776 | D:6      | HP: 1/39 [boulder beetle (15)]
  2780 | D:6      | Slain by a bullfrog

Illustrated notes

Levels and vault maps discovered:
D:1:      dpeg_arrival_windows_large_door, layout_basic, serial_shops,
          nicolae_shop_behind_doors, hangedman_abyss_or_decor_lesser_grid,
          lexackson_kobold_supper
D:2:      layout_rooms, minmay_cut_off
D:3:      layout_basic, gammafunk_temple_overflow_statue,
          nicolae_ecumenical_snake_handling, serial_shops,
          nicolae_shop_temple_entry_statues_fountains, uniq_crazy_yiuf_cottage
D:6:      layout_loops_ring, portal_sewer_entry_a

Skill      XL: |  1  2  3  4 |
---------------+-------------+-----
Fighting       | 4 |  4.6
Maces & Flails | 3 |  3.5
Armour         | 4 |  4.6
Shields        | 4 |  4.6

Action                     |  1- 3 |  4- 6 || total
---------------------------+-------+-------++-------
  Melee: Flail             |   179 |    78 ||   257
    Use: Scroll            |       |     6 ||     6
 Armour: Scale mail        |    90 |    29 ||   119
         Plate armour      |       |    28 ||    28
  Dodge: Dodged            |    87 |    46 ||   133
  Block: Buckler           |    31 |    16 ||    47

Table legend: (Time is in decaauts)
 A = Elapsed time spent in this place.
 B = Non-inter-level travel time spent in this place.
 C = Inter-level travel time spent in this place.
 D = Time resting spent in this place.
 E = Time spent auto-exploring this place.
 F = Levels seen in this place.
 G = Mean time per level.
                   A        B        C        D        E       F      G
               +--------+--------+--------+--------+--------+-----+--------+
         Total |   2855 |   2757 |     98 |    232 |   1796 |   4 |  713.8 |
       Dungeon |   2855 |   2757 |     98 |    232 |   1796 |   4 |  713.8 |
               +--------+--------+--------+--------+--------+-----+--------+

Top non-repeatable levels by time:
     D:1: 1228 daAuts
     D:3: 983 daAuts
     D:2: 577 daAuts
     D:6: 65 daAuts
